 Dungeon Crawl Stone Soup version 0.17-a0-957-ga3519be (webtiles) character file.

141 fungee the Bolt Thrower (level 5, -1/34 HPs)
             Began as an Octopode Hunter on May 7, 2015.
             Was an Initiate of Fedhas.
             Slain by an adder (3 damage)
             ... on level 3 of the Dungeon.
             The game lasted 00:04:51 (1722 turns).

fungee the Bolt Thrower (Octopode Hunter)           Turns: 1722, Time: 00:04:51

Health: -1/34      AC:  1    Str: 12    XL:     5   Next: 24%
Magic:  5/5        EV: 12    Int: 14    God:    Fedhas [......]
Gold:   49         SH:  0    Dex: 12    Spells: 0 memorised, 4 levels left

rFire  + . .     SeeInvis .     b - +1 hand crossbow
rCold  + . .     Clarity  .     (no shield)
rNeg   . . .     SustAb   .     (helmet restricted)
rPois  .         Gourm    .     (no amulet)
rElec  .         Spirit   .     n - ring of protection from cold
rCorr  .         Warding  .     r - ring of protection from fire
rMut   .         Stasis   .     (no ring)
MR     .....                    (no ring)
Stlth  +++.......               (no ring)
                                (no ring)
                                (no ring)
                                (no ring)

@: not resistant to hostile enchantments, fairly stealthy
A: almost no armour, amphibious, 8 rings, constrict 8, camouflage 1, gelatinous
body 1
a: Renounce Religion


You were on level 3 of the Dungeon.
You worshipped Fedhas.
Fedhas was noncommittal.
You were not hungry.

You visited 1 branch of the dungeon, and saw 3 of its levels.

You collected 49 gold pieces.

Inventory:

Hand weapons
 a - a +0 short sword
 b - a +1 hand crossbow (weapon)
Missiles
 c - 6 bolts (quivered)
Jewellery
 n - a ring of protection from cold (left tentacle)
 r - a ring of protection from fire (right tentacle)
Scrolls
 f - a scroll of fear {unknown}
 m - a scroll of immolation {unknown}
 p - a scroll of noise {unknown}
 q - a scroll of magic mapping {unknown}
 t - a scroll of identify {unknown}
Potions
 e - 3 potions of curing {unknown}
 g - 3 potions of degeneration {unknown}
 h - 2 potions of lignification {unknown}
 j - a potion of brilliance {unknown}
 k - a potion of might {unknown}
 l - a potion of cancellation {unknown}
 u - a potion of poison {unknown}
Comestibles
 d - 3 bread rations
 i - a royal jelly
 o - a slice of pizza
 s - 2 fruits


   Skills:
 - Level 2.0 Fighting
 + Level 6.3 Crossbows
 - Level 2.0 Dodging
 - Level 1.3 Stealth


You had 4 spell levels left.
You didn't know any spells.

Dungeon Overview and Level Annotations

Branches:
Dungeon (3/15)

Altars:
Fedhas
Ru
The Shining One


Innate Abilities, Weirdness & Mutations

You cannot wear most types of armour.
You are amphibious.
You can wear up to eight rings at the same time.
You can use your tentacles to constrict eight enemies at once.
Your skin changes colour to match your surroundings (Stealth).
Your rubbery body absorbs attacks (AC +1).


Message History

* * * LOW HITPOINT WARNING * * *
Firing (i - inventory):
c - 9 bolts (quivered)
Press: ? - help, Shift-Dir - straight line, f/p - adder
Aim: an adder (severely wounded)
You shoot a bolt. The bolt hits Viceroy's ghost.
Viceroy's ghost is almost destroyed.
Firing (i - inventory):
c - 8 bolts (quivered)
Press: ? - help, Shift-Dir - straight line, f/p - adder
Aim: an adder (severely wounded)
You shoot a bolt. The bolt hits Viceroy's ghost!
You destroy Viceroy's ghost!
Your Crossbows skill increases to level 6!
You have reached level 5!
You feel stronger.
Firing (i - inventory):
c - 7 bolts (quivered)
Press: ? - help, Shift-Dir - straight line, f/p - adder
Aim: an adder (severely wounded)
You shoot a bolt. The bolt barely misses the adder.
The adder bites you.
You die...
Fedhas appreciates your contribution to the ecosystem.

# .# ## .# ####.
(# (... ##( ##..
#(( ##... #(#
#.).. #S# ###....
#@# ##.....<
######.#####
##..##...
#..........#
#..####..
#..........####.##
###
#...............#
#......<...######
############


You could see an adder.

Vanquished Creatures
  The ghost of Viceroy the Conjurer, an average DECj (D:3)
  2 adders (D:2)
  3 oozes
  3 worms (D:2)
  A giant gecko (D:1)
  7 hobgoblins
  A ball python (D:1)
  6 bats
  3 giant newts
  5 goblins
  7 kobolds
  A rat (D:1)
40 creatures vanquished.

Vanquished Creatures (others)
  8 toadstools (D:2)
8 creatures vanquished.

Grand Total: 48 creatures vanquished

Notes
Turn   | Place    | Note
--------------------------------------------------------------
     0 | D:1      | fungee, the Octopode Hunter, began the quest for the Orb.
     0 | D:1      | Reached XP level 1. HP: 14/14 MP: 1/1
    27 | D:1      | Reached XP level 2. HP: 19/19 MP: 2/2
   645 | D:1      | Reached XP level 3. HP: 20/24 MP: 3/3
   876 | D:2      | Found a glowing golden altar of the Shining One.
   876 | D:2      | Found a sacrificial altar of Ru.
   903 | D:2      | Reached skill level 5 in Crossbows
  1209 | D:2      | Found a blossoming altar of Fedhas.
  1237 | D:2      | Became a worshipper of Fedhas Madash
  1356 | D:2      | Reached XP level 4. HP: 29/29 MP: 4/4
  1712 | D:3      | Noticed Viceroy's ghost (average DECj)
  1721 | D:3      | Killed Viceroy's ghost
  1721 | D:3      | Reached skill level 6 in Crossbows
  1721 | D:3      | Reached XP level 5. HP: 2/34 MP: 5/5
  1722 | D:3      | Slain by an adder

Action                   |  1- 3 |  4- 6 || total
-------------------------+-------+-------++-------
Melee: Unarmed           |    54 |    10 ||    64
 Fire: Hand crossbow     |    38 |    12 ||    50
 Stab: Sleeping          |       |     2 ||     2
  Eat: Chunk             |     1 |     1 ||     2
